 Dungeon Crawl Stone Soup version 0.24-a0-284-g9fb9971 (webtiles) character file.

Game seed: 2697828725222819439

50215 mhoghedin the Geomancer (level 13, -5/103 (104) HPs)
             Began as a Demigod Earth Elementalist on May 4, 2019.
             Slain by a red ugly thing (17 damage)
             ... on level 11 of the Dungeon.
             The game lasted 01:20:21 (22051 turns).

mhoghedin the Geomancer (DgEE)                     Turns: 22051, Time: 01:20:23

HP:   -5/103 (104)  AC: 10    Str: 13    XL:     13   Next: 84%
MP:   6/38          EV: 16    Int: 33    God:
Gold: 620           SH:  0    Dex: 18    Spells: 1/27 levels left

rFire    . . .     SeeInvis .   a - staff of earth
rCold    . . .     Gourm    .   (no shield)
rNeg     + . .     Faith    .   z - +1 robe of the Centipede {Str+2}
rPois    .         Spirit   .   R - +0 helmet
rElec    +         Reflect  .   l - +0 cloak
rCorr    .         Harm     .   g - +2 pair of gloves
MR       +....                  h - +1 pair of boots of Purpose {*Contam Int+6 Dex+2}
Stlth    +++.......             q - amulet of regeneration {+regen, !d}
HPRegen  0.67/turn              W - -2 ring of slaying (curse)
MPRegen  0.26/turn              E - ring "Laxes" {rElec rN+ MP+9 Stlth+}

@: very slightly contaminated, heavily drained
A: high mp 1
a: no special abilities


You were on level 11 of the Dungeon.
You were not hungry.

You visited 2 branches of the dungeon, and saw 17 of its levels.
You also visited: Gauntlet and Ice Cave.

You collected 945 gold pieces.
You spent 325 gold pieces at shops.

Inventory:

Missiles
 D - 5 throwing nets {=f, !d}
 K - 5 tomahawks of dispersal {=f}
 T - 68 stones (quivered)
Armour
 g - a +2 pair of gloves (worn)
   (You found it on level 1 of the Lair of Beasts)
 h - the +1 pair of boots of Purpose (worn) {*Contam Int+6 Dex+2}
   (You found it on level 4 of the Dungeon)

   It affects your intelligence (+6).
   It affects your dexterity (+2).
   It causes magical contamination when unequipped.
 l - a +0 cloak (worn)
   (You took it off Crazy Yiuf on level 3 of the Dungeon)
 z - the +1 robe of the Centipede (worn) {Str+2}
   (You found it on level 6 of the Dungeon)

   It affects your strength (+2).
 R - a +0 helmet (worn)
   (You found it on level 6 of the Lair of Beasts)
Magical Staves
 a - an uncursed staff of earth (weapon)
   (You bought it in a shop on level 4 of the Dungeon)
 b - an uncursed staff of conjuration {!a}
   (You found it on level 10 of the Dungeon)
 y - an uncursed staff of poison {rPois}
   (You took it off a minotaur in a Gauntlet)
Jewellery
 e - an uncursed ring of resist corrosion
   (You found it on level 4 of the Dungeon)
 j - a +3 amulet of reflection
   (You found it on level 4 of the Dungeon)
 q - an amulet of regeneration (around neck) {+regen, !d}
   (You found it in a Gauntlet)
 E - the ring "Laxes" (right hand) {rElec rN+ MP+9 Stlth+}
   (You took it off a minotaur in a Gauntlet)

   [ring of magical power]

   It insulates you from electricity.
   It protects you from negative energy.
   It affects your magic capacity (+9).
   It makes you more stealthy.
 F - an uncursed ring of protection from cold {rC+, !d}
   (You took it off a kobold on level 7 of the Dungeon)
 I - an uncursed ring of flight {+Fly, !d}
   (You found it on level 7 of the Dungeon)
 W - a cursed -2 ring of slaying (left hand)
   (You found it in a Gauntlet)
Wands
 m - a wand of polymorph (9)
   (You took it off Grinder on level 3 of the Dungeon)
 n - a wand of flame (14)
   (You found it on level 3 of the Dungeon)
 r - a wand of clouds (5)
   (You found it on level 5 of the Lair of Beasts)
 u - a wand of iceblast (9)
   (You found it on level 8 of the Dungeon)
 x - a wand of disintegration (7)
   (You found it on level 1 of the Lair of Beasts)
 G - a wand of paralysis (11)
   (You found it in a Gauntlet)
 J - a wand of random effects (31)
   (You found it on level 7 of the Dungeon)
Scrolls
 s - 6 scrolls of enchant weapon
 A - a scroll of blinking {!r}
 B - 3 scrolls of immolation {!r}
 C - 3 scrolls of fog
 H - 3 scrolls of teleportation
 M - 3 scrolls of vulnerability {!r!r}
 Q - 2 scrolls of enchant armour
 S - a scroll of magic mapping {!r}
 U - 2 scrolls of fear
 V - a scroll of silence {unknown}
Potions
 k - 7 potions of curing
 o - a potion of heal wounds
 p - a potion of ambrosia
 L - 2 potions of lignification {!q}
 N - a potion of flight
Miscellaneous
 P - a sack of spiders
 X - a fan of gales
   (You found it in a Gauntlet)
Comestibles
 d - 26 rations


   Skills:
 - Level 6.7(4.9) Fighting
 + Level 9.6(7.6) Staves
 - Level 7.1(5.2) Dodging
 - Level 1.7(0.1) Stealth
 - Level 7.7(5.8) Spellcasting
 - Level 8.2(6.3) Necromancy
 - Level 0.8(0.0) Transmutations
 - Level 11.7(9.6) Earth Magic
 + Level 9.6(7.6) Evocations


You had one spell level left.
You knew the following spells:

 Your Spells              Type           Power        Failure   Level  Hunger
a - Sandblast             Erth           ######       1%          1    None
b - Borgnjor's Vile Clut  Necr/Erth      #######...   4%          5    #####..
d - Death Channel         Necr           ######....   43%         6    ######.
w - Passwall              Tmut/Erth      ######..     1%          2    None
x - Stone Arrow           Conj/Erth      ######       1%          3    None
z - Lee's Rapid Deconstr  Erth           #######...   2%          5    #####..
A - Animate Dead          Necr           N/A          3%          4    ##.....

Your spell library contained the following spells:

 Spells                   Type           Power        Failure   Level  Hunger
 Leda's Liquefaction      Hex/Erth       ######....   6%          4    ##.....
 Petrify                  Tmut/Erth      ######..     6%          4    ##.....
 Recall                   Summ/Tloc      N/A          13%         3    None
 Bolt of Magma            Conj/Fire/Erth #####.....   32%         5    #####..
 Iron Shot                Conj/Erth      ######....   67%         6    ######.
 Statue Form              Tmut/Erth      ######...    67%         6    ######.
 Simulacrum               Ice/Necr       ####......   88%         6    ######.
 Shatter                  Erth           #######...   100%        9    #######


Dungeon Overview and Level Annotations

Branches:
Dungeon (11/15)            Temple (0/1) D:5            Lair (6/6) D:9
 Shoals (0/4) Lair:4       Spider (0/4) Lair:3        Slime (0/5) Lair:5
    Orc: D:9-12

Shops:
D:4 !*

Annotations:
Lair:1 exclusions: Urug and oklob plant
Lair:5 1 runed translucent door, krystol's ghost, journeyman SpEn
Lair:6 arkorax's ghost, journeyman FoWn


Innate Abilities, Weirdness & Mutations

You have an increased reservoir of magic. (+10% MP)


Message History

There is an empty arch of ancient stone here.
You remove your amulet of the acrobat.
The amulet throbs as it attunes itself to your uninjured body.
q - an amulet of regeneration (around neck)
You remove your amulet of regeneration {+regen, !d}.
t - an amulet of harm (around neck) Drop what? 48/52 slots (_ for help) (? for menu, Esc to quit)
Really remove
t - an amulet of harm?
You remove your amulet of harm.
The amulet drains your life force as you remove it!
You feel drained.
You drop an uncursed amulet of harm.
You're wearing all the rings you can.
Remove which one? (? for menu, Esc to quit)
You remove your ring of positive energy {rN+}.
You feel your magic capacity increase.
E - the ring "Laxes" (right hand) {rElec rN+ MP+9 Stlth+} You're wearing all the rings you can.
Remove which one? (? for menu, Esc to quit)
You remove your ring of resist corrosion.
Oops, that ring feels deathly cold.
W - a cursed -2 ring of slaying (left hand)
Okay, then.
Unknown command.
j - a +3 amulet of reflection (around neck) Unknown command.
Drop what? 47/52 slots (_ for help) (? for menu, Esc to quit)
You drop an uncursed ring of positive energy {rN+}.
You drop an uncursed amulet of the acrobat.
You drop a ring of positive energy {rN+}.
You start resting.
You feel yourself slow down.
You drop the amulet of Sumojiod {Inacc *Drain rElec rC+ rN+++}.
You remove your +3 amulet of reflection.
The amulet throbs as it attunes itself to your uninjured body.
q - an amulet of regeneration (around neck) {+regen, !d} A scorpion comes into view.
You regained 3 mp, and now have 13/38 mp.
A scorpion is nearby!
The scorpion stings you.
You take 1 damage, and have 102/103 hp.
You hit the scorpion but do no damage. You crush the scorpion!
The scorpion closely misses you.
Health restored: 103 You closely miss the scorpion.
The scorpion closely misses you.
The red ugly thing gurgles horribly!
You hit the scorpion but do no damage. You crush the scorpion!
You hit the scorpion.
You kill the scorpion!
Aim: a red ugly thing You feel a surge of power!
The blast of sand misses the red ugly thing.
T - 68 stones You now have 14/38 mp.
The red ugly thing barely misses you.
You hit the red ugly thing but do no damage.
You crush the red ugly thing!
The red ugly thing stings you but does no damage.
You hit the red ugly thing. You crush the red ugly thing!
The red ugly thing stings you but does no damage.
You barely miss the red ugly thing. You barely miss the red ugly thing.
The red ugly thing stings you.
You are engulfed in flames!!
You take 23 damage, and have 80/103 hp.
MASSIVE DAMAGE!!
You hit the red ugly thing. You crush the red ugly thing!
The red ugly thing stings you.
You are engulfed in flames!
You take 15 damage, and have 65/103 hp.
You hit the red ugly thing but do no damage.
You crush the red ugly thing! The red ugly thing stings you.
You are engulfed in flames!!
You take 22 damage, and have 43/103 hp.
MASSIVE DAMAGE!!
You barely miss the red ugly thing. The red ugly thing stings you!
You are engulfed in flames!
* * * LOW HITPOINT WARNING * * *
You take 24 damage, and have 19/103 hp.
MASSIVE DAMAGE!!
Aim: a red ugly thing (heavily wounded)
You feel a surge of power!
The stone arrow hits the red ugly thing!!
The red ugly thing stings you but does no damage.
You now have 14/38 mp.
Aim: a red ugly thing (severely wounded)
You feel a surge of power!
You miscast Stone Arrow.
You are very lightly contaminated with residual magic.
Your hair stands on end.
The red ugly thing stings you but does no damage.
You now have 11/38 mp.
Aim: a red ugly thing (severely wounded)
You feel a surge of power!
The stone arrow hits the red ugly thing!!
The red ugly thing stings you but does no damage.
You now have 9/38 mp.
Aim: a red ugly thing (almost dead)
You feel a surge of power!
You miscast Stone Arrow.
You feel gritty. The red ugly thing stings you!
* * * LOW HITPOINT WARNING * * *
You are engulfed in flames!
You die...

#...# ......?...# #...#
..........# #...#
..........# #...#
..........# #...#
..........# #...#
..........# #...#
..........# #.."#
.......@..# #...#
.......u..#######...####
.....................(..
........................
........................
####..................)#
#...................#
#...................#
.....................#


You could see a red ugly thing.

Vanquished Creatures
  A minotaur (Gauntlet)
  A green death (Gauntlet)
  Josephine (Lair:4)
  4 hydras
  Erica (Lair:1)
  A two-headed ogre (D:10)
  2 death yaks (Lair:4)
  A deep elf mage (D:10)
  A wolf spider (Lair:1)
  A moth of wrath (Lair:1)
  5 black mambas
  2 merfolk sirens (Lair:4)
  12 elephants
  2 gargoyles
  2 torpor snails
  8 spiny frogs
  2 rime drakes
  4 komodo dragons
  2 polar bears
  2 trolls
  2 merfolk (Lair:4)
  10 hornets
  A queen bee (Lair:3)
  Grinder (D:3)
  8 hippogriffs
  10 blink frogs (Lair:2)
  11 dream sheep
  Sigmund (D:3)
  6 spriggans (Lair:6)
  A redback (Lair:3)
  Eustachio (D:5)
  A vampire (D:9)
  A wyvern (D:10)
  4 wraiths (Lair:4)
  2 hungry ghosts
  12 yaks (Lair:2)
  A steam dragon (Lair:2)
  A human (D:10)
  5 basilisks
  2 vampire mosquitoes (D:10)
  A soldier ant (D:10)
  2 swamp worms (Gauntlet)
  12 porcupines
  16 water moccasins
  7 black bears
  13 ice beasts
  2 sky beasts
  A necrophage (D:8)
  7 orc warriors
  A boggart (Lair:6)
  4 ogres
  3 phantoms
  13 wolves
  2 centaurs
  A big kobold (D:7)
  11 crocodiles
  11 bullfrogs
  32 killer bees
  6 scorpions
  4 wights (D:8)
  A howler monkey (D:4)
  3 electric eels
  4 crimson imps
  9 orc priests
  2 hounds
  4 jellies
  Crazy Yiuf (D:3)
  9 orc wizards
  4 bullfrog skeletons
  2 centaur skeletons
  2 iguanas
  Natasha (thrice) (D:2)
  Terence (D:3)
  10 worker ants
  2 hound zombies
  A hound skeleton (D:9)
  2 howler monkey zombies (D:10)
  3 howler monkey skeletons
  30 adders
  7 gnolls
  4 oozes
  An adder zombie (D:6)
  4 adder skeletons
  4 worms
  2 dart slugs
  2 leopard geckos
  33 orcs
  5 giant cockroaches
  3 goblins (D:2)
  6 hobgoblins
  13 jackals
  6 quokkas
  2 ball pythons
  3 bats
  4 frilled lizards
  8 kobolds
  2 leopard gecko skeletons
  2 quokka skeletons (D:4)
  6 rats
  3 fungi
  3 plants
501 creatures vanquished.

Vanquished Creatures (collateral kills)
  A lindwurm (Lair:6)
  A black mamba (Lair:6)
  A spiny frog (Lair:5)
  A komodo dragon (Lair:5)
  4 polar bears (Lair:6)
  A hornet (Lair:6)
  A dream sheep (Lair:6)
  A hippogriff (Lair:6)
  6 spriggans (Lair:6)
  2 water moccasins (Lair:6)
  A black bear (Lair:6)
  3 boggarts (Lair:6)
  5 wolves (Lair:6)
  5 killer bees (D:10)
  A worker ant (D:10)
  A gnoll (D:10)
  An ooze (Lair:5)
  An orc (D:10)
  2 plants (Lair:5)
39 creatures vanquished.

Vanquished Creatures (others)
  A catoblepas (Lair:5)
  2 elephants (Lair:5)
  A yak (Lair:2)
  4 wolves (Lair:2)
  An orc priest (D:10)
  15 fungi
  20 plants
44 creatures vanquished.

Grand Total: 584 creatures vanquished

Notes
Turn   | Place    | Note
-------+----------+-------------------------------------------
     0 | D:1      | mhoghedin the Demigod Earth Elementalist began the quest
                  | for the Orb.
     0 | D:1      | Reached XP level 1. HP: 14/14 MP: 5/5
     5 | D:1      | You fall through a shaft!
    18 | D:2      | Reached skill level 2 in Spellcasting
    73 | D:2      | Reached skill level 3 in Earth Magic
   235 | D:2      | Reached XP level 2. HP: 17/20 MP: 3/7
   444 | D:2      | Reached XP level 3. HP: 19/26 MP: 0/9
   674 | D:2      | Learned a level 2 spell: Passwall
   678 | D:2      | Learned a level 3 spell: Stone Arrow
   862 | D:2      | Noticed Natasha
   889 | D:2      | Killed Natasha
   889 | D:2      | Reached skill level 3 in Spellcasting
   889 | D:2      | Reached XP level 4. HP: 29/33 MP: 2/11
  1198 | D:2      | Noticed Natasha
  1203 | D:2      | Killed Natasha
  1203 | D:2      | Reached skill level 4 in Earth Magic
  1308 | D:2      | Noticed Natasha
  1330 | D:2      | Killed Natasha
  1460 | D:2      | Found a glowing silver altar of Zin.
  1576 | D:3      | Reached XP level 5. HP: 38/38 MP: 9/13
  1659 | D:3      | Found a runed translucent door.
  1660 | D:3      | Noticed Crazy Yiuf
  1724 | D:3      | Noticed Grinder
  1728 | D:3      | Killed Grinder
  1728 | D:3      | Reached skill level 4 in Spellcasting
  1728 | D:3      | Reached skill level 5 in Earth Magic
  1728 | D:3      | Reached XP level 6. HP: 45/45 MP: 10/15
  1763 | D:3      | Noticed Sigmund
  1770 | D:3      | Killed Sigmund
  1820 | D:3      | Learned a level 4 spell: Petrify
  1955 | D:3      | Found a bloodstained altar of Trog.
  2004 | D:3      | Noticed Terence
  2012 | D:3      | Killed Terence
  2403 | D:3      | Killed Crazy Yiuf
  2570 | D:4      | Reached XP level 7. HP: 36/50 MP: 11/17
  2707 | D:4      | Found Rimmirgh's Elemental Accessories.
  2753 | D:4      | Reached skill level 5 in Spellcasting
  2766 | D:4      | Learned a level 5 spell: Lee's Rapid Deconstruction
  2782 | D:4      | Got a pair of bloodstained boots
  2788 | D:4      | Identified the +1 pair of boots of Purpose {*Contam Int+6
                  | Dex+2} (You found it on level 4 of the Dungeon)
  2806 | D:4      | Reached skill level 6 in Earth Magic
  2942 | D:4      | Found a snail-covered altar of Cheibriados.
  2943 | D:4      | Found a sparkling altar of Nemelex Xobeh.
  2949 | D:4      | Found an ornate altar of the Wu Jian Council.
  2979 | D:4      | Found a hazy altar of Hepliaklqana.
  3058 | D:4      | Found Foocvakh's Distillery.
  3261 | D:4      | Found a white marble altar of Elyvilon.
  3388 | D:5      | Entered Level 5 of the Dungeon
  3409 | D:5      | Noticed Eustachio
  3421 | D:5      | Killed Eustachio
  3421 | D:5      | Reached skill level 7 in Earth Magic
  3653 | D:5      | Found a hide-covered altar of Uskayaw.
  3684 | D:5      | Reached XP level 8. HP: 57/57 MP: 17/19
  3758 | D:5      | Found a staircase to the Ecumenical Temple.
  3797 | D:5      | Reached skill level 8 in Earth Magic
  3815 | D:5      | Found a stormy altar of Qazlal.
  4540 | D:6      | Reached skill level 9 in Earth Magic
  4672 | D:6      | Found a burning altar of Makhleb.
  4785 | D:6      | Got a dull robe
  4796 | D:6      | Identified the cursed +1 robe of the Centipede {Str+2} (You
                  | found it on level 6 of the Dungeon)
  4827 | D:6      | You fall through a shaft for 3 floors!
  4906 | D:9      | Reached skill level 1 in Fighting
  4906 | D:9      | Reached skill level 2 in Dodging
  4988 | D:9      | Reached skill level 2 in Fighting
  4988 | D:9      | Reached skill level 3 in Dodging
  4991 | D:9      | Reached skill level 3 in Fighting
  4991 | D:9      | Reached XP level 9. HP: 57/69 MP: 7/20
  5000 | D:9      | Reached skill level 4 in Dodging
  5011 | D:9      | Reached skill level 4 in Fighting
  5022 | D:9      | Reached skill level 5 in Dodging
  5155 | D:9      | Found a staircase to the Lair.
  5333 | D:7      | Reached skill level 5 in Fighting
  5411 | D:7      | Found an ancient bone altar of Kikubaaqudgha.
  5889 | D:7      | Reached skill level 6 in Dodging
  6400 | D:4      | Bought an uncursed staff of earth for 325 gold pieces
  6468 | D:8      | Reached skill level 1 in Staves
  6468 | D:8      | Reached skill level 1 in Evocations
  6578 | D:8      | Found a glowing golden altar of the Shining One.
  6736 | D:8      | Reached skill level 2 in Staves
  6736 | D:8      | Reached skill level 2 in Evocations
  6784 | D:8      | Reached XP level 10. HP: 83/83 MP: 17/21
  7046 | D:8      | Found a shattered altar of Ashenzari.
  7089 | D:9      | Reached skill level 3 in Staves
  7089 | D:9      | Reached skill level 3 in Evocations
  7528 | D:9      | Reached skill level 6 in Fighting
  7810 | Lair:1   | Entered Level 1 of the Lair of Beasts
  8025 | Lair:1   | Found a frozen archway.
  8035 | Lair:1   | Noticed Urug
  8044 | Lair:1   | Reached skill level 4 in Staves
  8044 | Lair:1   | Reached skill level 4 in Evocations
  8045 | Lair:1   | Reached skill level 7 in Dodging
  8091 | IceCv    | Entered an ice cave
  8101 | IceCv    | HP: 21/84 [swamp dragon simulacrum (10)]
  8123 | Lair:1   | Noticed Urug
  8123 | Lair:1   | Urug changed into Urug the moth of wrath
  8127 | Lair:1   | Killed Urug the moth of wrath
  8594 | Lair:1   | Noticed Erica
  8626 | Lair:1   | Killed Erica
  8880 | Lair:1   | Reached skill level 5 in Staves
  8880 | Lair:1   | Reached skill level 5 in Evocations
  8930 | Lair:1   | Noticed an oklob plant
  9033 | Lair:1   | Noticed a five-headed hydra
  9042 | Lair:1   | Killed a five-headed hydra
  9042 | Lair:1   | Reached XP level 11. HP: 91/91 MP: 17/22
  9401 | Lair:1   | Reached skill level 6 in Evocations
  9541 | Lair:1   | Reached skill level 6 in Staves
  9845 | Lair:1   | Noticed a four-headed hydra
  9853 | Lair:1   | Killed a four-headed hydra
 10127 | Lair:2   | Paralysed by a hornet for 1 turns
 10303 | Lair:2   | Reached skill level 7 in Staves
 10303 | Lair:2   | Reached skill level 7 in Evocations
 10415 | Lair:2   | Reached skill level 10 in Earth Magic
 10764 | Lair:2   | HP: 22/91 [porcupine (12)]
 11345 | Lair:2   | Reached skill level 8 in Staves
 11345 | Lair:2   | Reached skill level 8 in Evocations
 11729 | Lair:2   | Reached XP level 12. HP: 93/97 MP: 13/23
 12122 | Lair:3   | Noticed Nergalle
 12124 | Lair:3   | Noticed Nergalle
 12124 | Lair:3   | Nergalle changed into Nergalle the torpor snail
 12141 | Lair:3   | Killed Nergalle the torpor snail
 12558 | Lair:3   | Found a hole to the Spider Nest.
 12590 | Lair:3   | Learned a level 5 spell: Borgnjor's Vile Clutch
 12597 | Lair:3   | Noticed a four-headed hydra
 12604 | Lair:3   | Killed a four-headed hydra
 12604 | Lair:3   | Reached skill level 2 in Necromancy
 12793 | Lair:3   | Reached skill level 3 in Necromancy
 12813 | Lair:3   | Noticed a seven-headed hydra
 12819 | Lair:3   | Killed a seven-headed hydra
 12823 | Lair:3   | Reached skill level 4 in Necromancy
 13072 | Lair:3   | Reached skill level 5 in Necromancy
 14103 | Lair:4   | Found a blossoming altar of Fedhas.
 14444 | Lair:4   | Reached skill level 6 in Necromancy
 14460 | Lair:4   | HP: 21/97 [elephant (12)]
 14615 | Lair:4   | HP: 20/97 [elephant (10)]
 15065 | Lair:4   | Reached skill level 6 in Spellcasting
 15407 | Lair:4   | Noticed Josephine
 15411 | Lair:4   | Killed Josephine
 15771 | Lair:4   | Reached skill level 7 in Spellcasting
 16179 | Lair:4   | Found a staircase to the Shoals.
 16397 | Lair:4   | Learned a level 6 spell: Death Channel
 16445 | Lair:4   | Reached XP level 13. HP: 104/104 MP: 18/28
 17166 | Lair:5   | Found a staircase to the Slime Pits.
 17294 | Lair:5   | Reached skill level 11 in Earth Magic
 17342 | Lair:5   | Reached skill level 7 in Necromancy
 17472 | Lair:5   | Found a runed translucent door.
 17474 | Lair:5   | Noticed krystol's ghost (journeyman SpEn)
 17490 | Lair:5   | Got an ancient chain mail
 17834 | Lair:6   | Entered Level 6 of the Lair of Beasts
 18107 | Lair:6   | Reached skill level 8 in Necromancy
 18425 | Lair:6   | Found a runed translucent door.
 18430 | Lair:6   | Noticed arkorax's ghost (journeyman FoWn)
 18464 | Lair:6   | Learned a level 4 spell: Animate Dead
 19099 | Lair:6   | HP: 18/103 [arkorax's ghost (8)]
 19545 | D:10     | Entered Level 10 of the Dungeon
 20354 | D:10     | Reached skill level 9 in Evocations
 20355 | D:10     | Reached skill level 9 in Staves
 20485 | D:10     | Identified the +6 battleaxe of the Endless Places {chop,
                  | Dex+6}
 20947 | D:10     | Identified the cursed +0 chain mail "Resor" {rC- MR+ Regen+
                  | Int+4} (You found it on level 5 of the Lair of Beasts)
 20997 | D:11     | Found a gate leading to a gauntlet.
 21027 | Gauntlet | Entered a Gauntlet
 21027 | Gauntlet | Found a transporter.
 21027 | Gauntlet | Found a transporter.
 21027 | Gauntlet | Found a transporter.
 21152 | Gauntlet | Found a transporter.
 21152 | Gauntlet | Found a transporter.
 21160 | Gauntlet | Found a transporter.
 21163 | Gauntlet | Found a transporter.
 21180 | Gauntlet | Found a transporter.
 21189 | Gauntlet | Found a transporter.
 21193 | Gauntlet | Found a transporter.
 21196 | Gauntlet | Found a transporter.
 21206 | Gauntlet | Found a transporter.
 21602 | Gauntlet | Got a sparkling bone amulet
 21712 | Gauntlet | Identified the ring "Laxes" {rElec rN+ MP+9 Stlth+}
 21712 | Gauntlet | Noticed a minotaur
 21716 | Gauntlet | Killed a minotaur
 21964 | Gauntlet | Identified the amulet of Sumojiod {Inacc *Drain rElec rC+
                  | rN+++} (You found it in a Gauntlet)
 22043 | D:11     | HP: 19/103 [red ugly thing (14)]
 22051 | D:11     | HP: 12/103 [red ugly thing (12)]
 22051 | D:11     | Slain by a red ugly thing

Levels and vault maps discovered:
D:1:      dpeg_arrival_three_same_balls, layout_rooms, feat_on_display
D:2:      kennysheep_six_static_rooms, layout_basic,
          lemuel_coloured_pillars_altar, kennysheep_nondescript, uniq_natasha
D:3:      layout_loops_ring, lightli_temple_of_fire, first_ration, uniq_terence,
          uniq_sigmund, uniq_crazy_yiuf_cottage, uniq_grinder
D:4:      layout_loops_cross, marbit_many_paths, kennysheep_little_box,
          minitemple, serial_shops, shop, grunt_decor_fettered,
          nicolae_elemental_shop, minmay_starry_boxes
D:5:      layout_basic, lemuel_crystal_altar, grunt_qazlal_sundering,
          minmay_temple_entry_fiery, st_stairs_11, uniq_eustachio
D:6:      layout_loops_ring, lemuel_crystal_altar, minivault_14,
          kennysheep_small_circle
D:7:      layout_loops_ring, kiku_gazebo_garden_becter,
          kennysheep_generic_room_4
D:8:      layout_loops_ring, tso_oasis_becter, cheibrodos_ashenzari_chains
D:9:      layout_irregular_city, minmay_lair_entry_grove
D:10:     minmay_the_grid_triangle_9x9_rhombus_thin
          [minmay_the_grid_triangle_9x9_steps,
          minmay_the_grid_triangle_9x9_prize_insulated,
          minmay_the_grid_triangle_9x9_minimal,
          minmay_the_grid_triangle_9x9_from_above], layout_basic,
          hangedman_stone_soup, eino_tiny_chamber, minmay_misc_feat_more_columns
D:11:     layout_small_grid, gauntlet_entry_generic, serial_shops, shop_statue,
          minmay_beelzebubs_servants, uniq_maurice, uniq_erolcha
Lair:1:   minmay_lair_venomous_thicket, layout_regular_city,
          portal_ice_cave_entry_ice_beasts, minmay_lair_oklob_bushes,
          eino_small_chamber_without_monster, nicolae_quartered_pool_little,
          cheibrodos_lair_reptile_den, uniq_erica, uniq_urug
Lair:2:   layout_cave_pods, enter_volcano_2, grunt_megastairs_2,
          lemuel_fruit_fields
Lair:3:   layout_gridlike, spider_nest_entry_rubble, special_room
          [special_room_bee], lemuel_fruit_fields, uniq_nergalle
Lair:4:   layout_cave_pods, elwin_shoals_entry_stream, basic_altar,
          lemuel_fruit_fields, uniq_josephine
Lair:5:   layout_gridlike, nicolae_slime_entry_slimehenge,
          hellmonk_ghost_happy_afterlife, infiniplex_staircase_pool,
          grunt_megastairs_5
Lair:6:   minmay_lair_end_enchanted_forest, layout_gridlike,
          ebering_ghost_reflecting_pool, minmay_hedge_maze

Skill      XL: |  1  2  3  4  5  6  7  8  9 10 11 12 13 |
---------------+----------------------------------------+-----
Spellcasting   | 2 3 4 5 7 |  7.7
Earth Magic    | 3 4 5 7 9 10 11 | 11.7
Fighting       | 3 5 6 |  6.7
Dodging        | 3 6 7 |  7.1
Staves         | 2 5 8 9 |  9.6
Evocations     | 2 5 8 9 |  9.6
Necromancy     | 6 8 |  8.2
Stealth        | |  1.7
Transmutations | |  0.8

Action                   |  1- 3 |  4- 6 |  7- 9 | 10-12 | 13-15 || total
-------------------------+-------+-------+-------+-------+-------++-------
Melee: Unarmed           |     1 |       |       |       |       ||     1
       Club              |     6 |       |       |       |       ||     6
       Dagger            |       |     2 |    29 |       |       ||    31
       Staff             |       |       |     5 |   335 |   319 ||   659
 Cast: Sandblast         |    43 |    61 |   169 |   226 |     8 ||   507
       Lee's Rapid Decon |       |       |    13 |    43 |    21 ||    77
       Stone Arrow       |       |       |     1 |    28 |    27 ||    56
       Petrify           |       |       |       |     1 |       ||     1
       Borgnjor's Vile C |       |       |       |    22 |    31 ||    53
       Death Channel     |       |       |       |       |    14 ||    14
       Animate Dead      |       |       |       |       |     6 ||     6
Evoke: Wand              |       |       |     1 |     8 |       ||     9
  Use: Scroll            |       |     7 |     3 |    12 |     9 ||    31
       Potion            |       |       |     4 |     6 |     8 ||    18
 Stab: Sleeping          |       |       |       |       |     6 ||     6
       Distracted        |       |       |       |       |     3 ||     3
  Eat: Chunk             |       |     4 |     8 |    19 |    19 ||    50
       Ration            |       |       |     3 |     8 |     4 ||    15
Armor: Robe              |     7 |     5 |    30 |    97 |    64 ||   203
       Skin              |       |       |       |       |    10 ||    10
Dodge: Dodged            |    23 |    13 |    82 |   453 |   267 ||   838

Table legend:
 A = Non-vault XP
 B = Vault XP
 C = Vault XP percentage of total XP
 D = Non-vault monster count
 E = Vault monster count
 F = Vault count percentage of total count
                 A         B        C        D         E       F
            +---------+---------+-------+---------+---------+-------
      Total |   43857 |   27880 |  38.9 |     359 |     175 |  32.8
            +---------+---------+-------+---------+---------+-------
        D:2 |     156 |      58 |  27.1 |      27 |       6 |  18.2
        D:3 |      68 |     573 |  89.4 |      18 |       4 |  18.2
        D:4 |     179 |      64 |  26.3 |      15 |       5 |  25.0
        D:5 |     459 |     234 |  33.8 |      16 |       4 |  20.0
        D:6 |     843 |       0 |   0.0 |      27 |       0 |   0.0
        D:7 |     906 |       0 |   0.0 |      26 |       0 |   0.0
        D:8 |    1670 |       0 |   0.0 |      30 |       0 |   0.0
        D:9 |    1381 |    1630 |  54.1 |      25 |      13 |  34.2
       D:10 |    3424 |    3081 |  47.4 |      43 |      17 |  28.3
       D:11 |    1060 |       0 |   0.0 |       5 |       0 |   0.0
     Lair:1 |    3558 |    5550 |  60.9 |       9 |      30 |  76.9
     Lair:2 |    9449 |     266 |   2.7 |      43 |       1 |   2.3
     Lair:3 |    4287 |    2535 |  37.2 |      15 |      29 |  65.9
     Lair:4 |    9729 |    3476 |  26.3 |      28 |       9 |  24.3
     Lair:5 |    4696 |     555 |  10.6 |      21 |       7 |  25.0
     Lair:6 |    1992 |    6399 |  76.3 |      11 |      43 |  79.6
   Gauntlet |       0 |    3459 | 100.0 |       0 |       7 | 100.0
            +---------+---------+-------+---------+---------+-------

Levels and vault maps discovered:
D:1:      dpeg_arrival_three_same_balls, layout_rooms, feat_on_display
D:2:      kennysheep_six_static_rooms, layout_basic,
          lemuel_coloured_pillars_altar, kennysheep_nondescript, uniq_natasha
D:3:      layout_loops_ring, lightli_temple_of_fire, first_ration, uniq_terence,
          uniq_sigmund, uniq_crazy_yiuf_cottage, uniq_grinder
D:4:      layout_loops_cross, marbit_many_paths, kennysheep_little_box,
          minitemple, serial_shops, shop, grunt_decor_fettered,
          nicolae_elemental_shop, minmay_starry_boxes
D:5:      layout_basic, lemuel_crystal_altar, grunt_qazlal_sundering,
          minmay_temple_entry_fiery, st_stairs_11, uniq_eustachio
D:6:      layout_loops_ring, lemuel_crystal_altar, minivault_14,
          kennysheep_small_circle
D:7:      layout_loops_ring, kiku_gazebo_garden_becter,
          kennysheep_generic_room_4
D:8:      layout_loops_ring, tso_oasis_becter, cheibrodos_ashenzari_chains
D:9:      layout_irregular_city, minmay_lair_entry_grove
D:10:     minmay_the_grid_triangle_9x9_rhombus_thin
          [minmay_the_grid_triangle_9x9_steps,
          minmay_the_grid_triangle_9x9_prize_insulated,
          minmay_the_grid_triangle_9x9_minimal,
          minmay_the_grid_triangle_9x9_from_above], layout_basic,
          hangedman_stone_soup, eino_tiny_chamber, minmay_misc_feat_more_columns
D:11:     layout_small_grid, gauntlet_entry_generic, serial_shops, shop_statue,
          minmay_beelzebubs_servants, uniq_maurice, uniq_erolcha
Lair:1:   minmay_lair_venomous_thicket, layout_regular_city,
          portal_ice_cave_entry_ice_beasts, minmay_lair_oklob_bushes,
          eino_small_chamber_without_monster, nicolae_quartered_pool_little,
          cheibrodos_lair_reptile_den, uniq_erica, uniq_urug
Lair:2:   layout_cave_pods, enter_volcano_2, grunt_megastairs_2,
          lemuel_fruit_fields
Lair:3:   layout_gridlike, spider_nest_entry_rubble, special_room
          [special_room_bee], lemuel_fruit_fields, uniq_nergalle
Lair:4:   layout_cave_pods, elwin_shoals_entry_stream, basic_altar,
          lemuel_fruit_fields, uniq_josephine
Lair:5:   layout_gridlike, nicolae_slime_entry_slimehenge,
          hellmonk_ghost_happy_afterlife, infiniplex_staircase_pool,
          grunt_megastairs_5
Lair:6:   minmay_lair_end_enchanted_forest, layout_gridlike,
          ebering_ghost_reflecting_pool, minmay_hedge_maze

Table legend:
 A = Turns spent in this place as a percentage of turns spent in the entire game.
 B = Non-inter-level travel turns spent in this place as a percentage of non-inter-level travel turns spent in the entire game.
 C = Inter-level travel turns spent in this place as a percentage of turns spent in this place.
 D = Turns resting spent in this place as a percentage of non-inter-level travel turns spent in this place.
 E = Turns spent auto-exploring this place as a percentage of non-inter-level travel turns spent in this place.
 F = Non-inter-level travel turns spent in this place divided by the number of levels of this place that you've seen.
                   A       B       C       D       E      F
               +-------+-------+-------+-------+-------+----------------------
         Total | 100.0 | 100.0 |   4.7 |  33.8 |  45.2 | 1106.1
       Dungeon |  42.6 |  43.0 |   3.8 |  19.3 |  59.2 | 821.7
          Lair |  52.9 |  52.3 |   5.8 |  44.0 |  36.0 | 1832.3
      Ice Cave |   0.1 |   0.1 |   0.0 |   0.0 |   0.0 |  12.0
      Gauntlet |   4.4 |   4.6 |   0.0 |  54.1 |  20.4 | 971.0
               +-------+-------+-------+-------+-------+----------------------

Table legend:
 A = Kills in this place as a percentage of kills in entire the game.
 B = Kills by you in this place as a percentage of kills by you in the entire game.
 C = Kills by friends in this place as a percentage of kills by friends in the entire game.
 D = Other kills in this place as a percentage of other kills in the entire game.
 E = Experience gained in this place as a percentage of experience gained in the entire game.
 F = Experience gained in this place divided by the number of levels of this place that you have seen.
                   A       B       C       D       E      F
               +-------+-------+-------+-------+-------+----------------------
         Total | 100.0 | 100.0 | 100.0 | 100.0 | 100.0 | 3775.6
       Dungeon |  52.6 |  55.2 |  21.6 |   0.0 |  22.0 | 1435.1
          Lair |  46.1 |  43.4 |  78.4 | 100.0 |  73.2 | 8748.7
      Gauntlet |   1.3 |   1.4 |   0.0 |   0.0 |   4.8 | 3459.0
               +-------+-------+-------+-------+-------+----------------------
